 Dungeon Crawl Stone Soup version 0.25-a0-890-g62861fb (webtiles) character file.

Game seed: 18293794960521553719, levelgen mode: deterministic

753 robertstho the Grave Robber (level 7, -5/47 HPs)
             Began as a Vampire Necromancer on May 5, 2020.
             Splashed by Ijyb's acid (15 damage)
             ... on level 5 of the Dungeon.
             The game lasted 00:13:19 (4282 turns).

robertstho the Grave Robber (Vampire Necromancer)   Turns: 4282, Time: 00:13:19

Health: -5/47      AC:  4    Str:  9    XL:     7   Next: 49%
Magic:  14/14      EV: 13    Int: 20    God:
Gold:   126        SH:  0    Dex: 14    Spells: 2/16 levels left

rFire    . . .     SeeInvis +   r - +4 flail (venom)
rCold    . . .     Gourm    .   (no shield)
rNeg     + . .     Faith    .   z - +1 robe {rN+}
rPois    .         Spirit   .   w - +0 helmet
rElec    .         Reflect  .   (no cloak)
rCorr    .         Harm     .   (no gloves)
MR       +....                  (no boots)
Stlth    +++.......             (no amulet)
HPRegen  0.35/turn              d - ring of protection from magic
MPRegen  0.14/turn              u - +2 ring of strength

@: regenerating quickly
A: no food, fangs 3, see invisible, unbreathing
a: Exsanguinate


You were on level 5 of the Dungeon.
You were alive.

You visited 1 branch of the dungeon, and saw 5 of its levels.

You collected 214 gold pieces.
You spent 88 gold pieces at shops.

Inventory:

Hand Weapons
 n - a +1 mace of draining
 r - a +4 flail of venom (weapon)
Missiles
 b - 8 javelins (quivered)
 m - 5 curare-tipped darts
Armour
 w - a +0 helmet (worn)
 z - a +1 robe of positive energy (worn)
Jewellery
 d - a ring of protection from magic (left hand)
 f - an uncursed ring of fire
 u - a +2 ring of strength (right hand)
Wands
 o - a wand of flame (27)
 v - a wand of iceblast (6)
Scrolls
 c - a scroll of amnesia {unknown}
 e - a scroll of fear {unknown}
 g - 2 scrolls of teleportation
 i - 3 scrolls of remove curse
 j - 2 scrolls of noise {unknown}
 p - 2 scrolls of immolation {unknown}
 t - 3 scrolls of enchant armour {unknown}
Potions
 h - 2 potions of lignification
 l - 2 potions of invisibility {unknown}
 q - 2 potions of stabbing {unknown}
 s - a potion of brilliance
 x - a potion of heal wounds
Miscellaneous
 y - a tin of tremorstones


   Skills:
 + Level 0.6 Fighting
 + Level 1.1 Maces & Flails
 + Level 2.6 Dodging
 + Level 3.9 Stealth
 + Level 0.4 Unarmed Combat
 * Level 5.3 Spellcasting
 * Level 7.5 Necromancy


You had 2 spell levels left.
You knew the following spells:

 Your Spells              Type           Power        Failure   Level  Hunger
a - Pain                  Necr           ####         1%          1    N/A
b - Animate Skeleton      Necr           N/A          1%          1    N/A
c - Vampiric Draining     Necr           #####.....   1%          3    N/A
d - Animate Dead          Necr           N/A          4%          4    N/A
e - Agony                 Necr           #####...     14%         5    N/A

Your spell library contained the following spells:

 Spells                   Type           Power        Failure   Level  Hunger
 Apportation              Tloc           #.....       12%         1    N/A
 Corona                   Hex            #......      12%         1    N/A
 Freeze                   Ice            #...         12%         1    N/A
 Summon Small Mammal      Summ           #...         12%         1    N/A
 Frozen Ramparts          Ice            #.....       34%         3    N/A
 Ozocubu's Armour         Chrm/Ice       #.......     34%         3    N/A
 Hailstorm                Conj/Ice       #.......     75%         4    N/A
 Summon Ice Beast         Ice/Summ       #.......     75%         4    N/A

Dungeon Overview and Level Annotations

Branches:
Dungeon (5/15)
 Temple: D:4-7

Altars:
Ashenzari
Elyvilon
Qazlal
The Shining One

Shops:
D:5 [=

Annotations:
D:5 lot of good jewellry, Ijyb


Innate Abilities, Weirdness & Mutations

You do not eat.
Your natural rate of healing is unusually fast.
You have razor-sharp teeth.
You have supernaturally acute eyesight. (SInv)
You can survive without breathing.


Message History

You start resting.
Magic restored.
You start resting.
HP restored.
You pick up a book of Frost and begin reading...
You add the spells Freeze, Frozen Ramparts, Ozocubu's Armour, Hailstorm and Summon Ice Beast to your library.
Found a ration.
Ijyb the Twisted Goblin comes into view.
She is wielding a +0 dagger and carrying a wand of acid (10).
Ijyb is nearby!
Ijyb is nearby!
Ijyb is nearby!
You see here a scroll labeled FAZIUCWE EVIU.
t - 3 scrolls labeled FAZIUCWE EVIU (gained 1)
A jackal comes into view.
Ijyb shouts!
Ijyb zaps a wand.
The bolt of acid hits you!
You are splashed with acid!
Ijyb zaps a wand.
The bolt of acid hits you!
* * * LOW HITPOINT WARNING * * *
You are splashed with acid!
You die...

#............#...
######....##....# .
###......#. ..
##....## ... ##..###
.... #....# .....
##....##
#....g######......#
#.....@......#...#
##..........##......
##........## ......
...........# .#.#.#
#............ ..%.
###........#.. ..
###..........
#....###..h


You could see Ijyb.

Vanquished Creatures
  Menkaure (D:5)
  2 ogres
  A water moccasin zombie (D:5)
  3 jellies (D:4)
  Terence (D:2)
  An orc wizard (D:4)
  Robin (D:3)
  3 gnolls (D:3)
  5 adders
  8 oozes (D:4)
  An adder skeleton (D:4)
  3 worms
  A dart slug (D:1)
  5 leopard geckos
  11 orcs
  2 ball pythons
  9 bats
  7 giant cockroaches
  11 hobgoblins
  6 jackals
  14 kobolds
  2 quokkas
  5 frilled lizards
  15 goblins
  12 rats
130 creatures vanquished.

Vanquished Creatures (collateral kills)
  A worm (D:2)
  2 leopard geckos
  An orc (D:3)
  A giant cockroach (D:3)
  A goblin (D:1)
  A kobold (D:1)
7 creatures vanquished.

Vanquished Creatures (others)
  8 toadstools (D:4)
8 creatures vanquished.

Grand Total: 145 creatures vanquished

Notes
Turn   | Place    | Note
-------+----------+-------------------------------------------
     0 | D:1      | robertstho the Vampire Necromancer began the quest for the
                  | Orb.
     0 | D:1      | Reached XP level 1. HP: 13/13 MP: 3/3
    55 | D:1      | Learned a level 1 spell: Animate Skeleton
   232 | D:1      | Reached XP level 2. HP: 19/19 MP: 5/5
   401 | D:1      | Reached skill level 5 in Necromancy
   749 | D:1      | Reached XP level 3. HP: 18/24 MP: 3/6
   881 | D:2      | Noticed Terence
   888 | D:2      | Killed Terence
   985 | D:2      | Reached XP level 4. HP: 23/30 MP: 0/8
  1511 | D:2      | Found a stormy altar of Qazlal.
  1511 | D:2      | Found a glowing golden altar of the Shining One.
  1519 | D:2      | Found a white marble altar of Elyvilon.
  1521 | D:2      | Found a faded altar of an unknown god.
  1523 | D:2      | Found a shattered altar of Ashenzari.
  1949 | D:3      | Reached XP level 5. HP: 34/35 MP: 6/10
  1986 | D:3      | Noticed an ogre
  2118 | D:3      | Noticed Robin
  2227 | D:3      | Killed Robin
  2232 | D:3      | Reached skill level 6 in Necromancy
  2463 | D:3      | Killed an ogre
  2463 | D:3      | Reached XP level 6. HP: 38/41 MP: 5/12
  3814 | D:4      | Learned a level 3 spell: Vampiric Draining
  3819 | D:4      | Learned a level 4 spell: Animate Dead
  3825 | D:4      | Learned a level 5 spell: Agony
  3931 | D:5      | Entered Level 5 of the Dungeon
  4045 | D:5      | Found Hymyass's Antique Armour Boutique.
  4062 | D:5      | Reached skill level 7 in Necromancy
  4062 | D:5      | Reached XP level 7. HP: 35/47 MP: 12/14
  4066 | D:5      | Bought an embroidered robe for 88 gold pieces
  4142 | D:5      | Found Kuaweh's Jewellery Shop.
  4166 | D:5      | Noticed Menkaure
  4171 | D:5      | Reached skill level 1 in Maces & Flails
  4171 | D:5      | Reached skill level 5 in Spellcasting
  4178 | D:5      | Killed Menkaure
  4277 | D:5      | Noticed Ijyb
  4282 | D:5      | Splashed by Ijyb's acid

Levels and vault maps discovered:
D:1:      dpeg_arrival_stonehenge_8_columns, layout_loops_ring,
          hangedman_abyss_or_decor_stabs, corner_web_ring,
          grunt_decor_resistance
D:2:      kennysheep_six_static_rooms, layout_loops_ring,
          chequers_temple_overflow_minitemple, first_ration, uniq_terence
D:3:      layout_rooms, uniq_robin
D:4:      cheibrodos_fertilizer, layout_loops_ring
D:5:      layout_layer_cave, serial_shops,
          nicolae_shop_temple_entry_statues_fountains, kennysheep_mini_moat,
          hangedman_decor_points, chequers_jeans, skrybe_limestone_x,
          st_stairs_4, uniq_ijyb, uniq_menkaure

Skill      XL: |  1  2  3  4  5  6  7 |
---------------+----------------------+-----
Necromancy     | 5 6 7 |  7.5
Spellcasting   | 3 4 5 |  5.3
Maces & Flails | 1 |  1.1
Fighting       | |  0.6
Dodging        | |  2.6
Stealth        | |  3.9
Unarmed Combat | |  0.4

Action                   |  1- 3 |  4- 6 |  7- 9 || total
-------------------------+-------+-------+-------++-------
Melee: Unarmed           |    52 |    21 |       ||    73
       Bite              |     5 |     5 |       ||    10
       Mace              |       |    25 |       ||    25
       Flail             |       |    53 |     4 ||    57
 Cast: Pain              |    37 |   158 |     8 ||   203
       Animate Skeleton  |    16 |    28 |       ||    44
  Use: Scroll            |       |     1 |     4 ||     5
 Stab: Sleeping          |     5 |     7 |       ||    12
Armor: Robe              |     9 |    37 |       ||    46
Dodge: Dodged            |    47 |   131 |     3 ||   181

Table legend:
 A = Non-vault XP
 B = Vault XP
 C = Vault XP percentage of total XP
 D = Non-vault monster count
 E = Vault monster count
 F = Vault count percentage of total count
                 A         B        C        D         E       F
            +---------+---------+-------+---------+---------+-------
      Total |     611 |     466 |  43.3 |      99 |      38 |  27.7
            +---------+---------+-------+---------+---------+-------
        D:1 |      44 |       0 |   0.0 |      24 |       0 |   0.0
        D:2 |      51 |      73 |  58.9 |      20 |      10 |  33.3
        D:3 |     208 |      33 |  13.7 |      33 |      10 |  23.3
        D:4 |     104 |     188 |  64.4 |      19 |      17 |  47.2
        D:5 |     204 |     172 |  45.7 |       3 |       1 |  25.0
            +---------+---------+-------+---------+---------+-------
